 Dungeon Crawl Stone Soup version 0.25-a0-189-gf71692caf1 (webtiles) character file.

Game seed: 14479854132740573950, levelgen mode: deterministic

51 sankara the Ruffian (level 3, -2/28 HPs)
             Began as a Draconian Transmuter on Nov 29, 2019.
             Was an Initiate of Makhleb.
             Slain by a hobgoblin
             ... wielding a +0 club
             ... led by Robin
              (9 damage)
             ... on level 2 of the Dungeon.
             The game lasted 00:06:52 (1430 turns).

sankara the Ruffian (Draconian Transmuter)          Turns: 1430, Time: 00:06:52

Health: -2/28      AC:  5    Str: 13    XL:     3   Next: 58%
Magic:  6/6        EV: 12    Int: 13    God:    Makhleb [......]
Gold:   54         SH:  0    Dex: 11    Spells: 3/6 levels left

rFire    . . .     SeeInvis .     - Unarmed
rCold    . . .     Gourm    .   (no shield)
rNeg     . . .     Faith    .   (armour unavailable)
rPois    .         Spirit   .   (helmet restricted)
rElec    .         Reflect  .   (no cloak)
rCorr    .         Harm     .   (no gloves)
MR       .....                  (no boots)
Stlth    +.........             (no amulet)
HPRegen  0.09/turn              (no ring)
MPRegen  0.10/turn              (no ring)

@: appendage (expiring)
A: unfitting armour, horns 2, cold-blooded, AC +5
a: End Transformation, Renounce Religion


You were on level 2 of the Dungeon.
You worshipped Makhleb.
Makhleb was noncommittal.
You were not hungry.
You had grown temporary horns.
You visited 1 branch of the dungeon, and saw 2 of its levels.

You collected 54 gold pieces.

Inventory:

Hand Weapons
 f - a +0 whip
   (You took it off a kobold on level 1 of the Dungeon)
Missiles
 a - 20 arrows
 q - 20 stones (quivered)
 r - 24 sling bullets
Armour
 p - a +0 buckler
   (You found it on level 2 of the Dungeon)
Scrolls
 d - a scroll of magic mapping {unknown}
 g - 4 scrolls of identify {unknown}
 h - a scroll of amnesia {unknown}
 i - a scroll of immolation {unknown}
 s - a scroll of teleportation {unknown}
Potions
 b - a potion of mutation {unknown}
 e - a potion of heal wounds {unknown}
 j - a potion of haste {unknown}
 k - a potion of brilliance {unknown}
 l - a potion of invisibility {unknown}
 m - 2 potions of agility {unknown}
 n - a potion of curing {unknown}
 o - a potion of lignification {unknown}
Comestibles
 c - 6 rations


   Skills:
 - Level 1.1 Fighting
 - Level 1.7 Dodging
 + Level 4.6 Unarmed Combat
 - Level 2.0 Spellcasting
 - Level 2.0 Transmutations


You had 3 spell levels left.
You knew the following spells:

 Your Spells              Type           Power        Failure   Level  Hunger
a - Beastly Appendage     Tmut           #.....       11%         1    ##.....
b - Sticks to Snakes      Tmut           #.......     17%         2    ###....

Your spell library contained the following spells:

 Spells                   Type           Power        Failure   Level  Hunger
 Spider Form              Tmut/Pois      #.........   45%         3    ####...
 Ice Form                 Ice/Tmut       #.......     86%         4    #####..
 Blade Hands              Tmut           #.........   97%         5    ######.


Dungeon Overview and Level Annotations

Branches:
Dungeon (2/15)

Altars:
Dithmenos
Makhleb

Annotations:
D:2 Robin


Innate Abilities, Weirdness & Mutations

Your plain brown scales are hard. (AC +5)
You cannot fit into any form of body armour.
You are cold-blooded and may be slowed by cold attacks.
You have a pair of horns on your head.


Message History

You kill the goblin!
Makhleb accepts your kill.
The goblin wields a +0 hunting sling.
The goblin shoots a stone.
The stone closely misses you.
The goblin unwields a +0 hunting sling.
The goblin barely misses you.
Items here: ))) †† a +0 club x3; a goblin corpse x2
You hit the goblin.
You kill the goblin!
Makhleb accepts your kill.
Your talons disappear.
You hit the hobgoblin. You tail-slap the hobgoblin.
The hobgoblin is heavily wounded.
The hobgoblin barely misses you.
You barely miss the hobgoblin.
The hobgoblin is heavily wounded.
Robin says, "Kneel, worm!"
The hobgoblin closely misses you.
A goblin comes into view. It is wielding a +0 club.
You barely miss the hobgoblin.
The hobgoblin is heavily wounded.
The goblin shouts!
The hobgoblin misses you.
You barely miss the hobgoblin.
Your tail-slap misses the hobgoblin.
The hobgoblin is heavily wounded.
The hobgoblin hits you. Robin throws the goblin at you!
You closely miss the hobgoblin.
The hobgoblin is heavily wounded.
The goblin misses you. The hobgoblin closely misses you.
You hit the hobgoblin but do no damage.
Your tail-slap misses the hobgoblin.
The hobgoblin is heavily wounded.
The hobgoblin no longer looks unusually strong. x2
The goblin hits you with a +0 club!
You are too injured to fight recklessly!
You are too injured to fight recklessly!
Casting: Beastly Appendage (safe; 11% risk of failure)
Confirm with . or Enter, or press ? or * to list all spells.
You grow a pair of large bovine horns.
The goblin no longer looks unusually strong.
The hobgoblin barely misses you. The goblin barely misses you.
You hit the goblin.
You kill the goblin!
Makhleb accepts your kill. The hobgoblin misses you.
You barely miss the hobgoblin. Your headbutt misses the hobgoblin.
The hobgoblin is heavily wounded.
The hobgoblin closely misses you.
You hit the hobgoblin.
The hobgoblin is almost dead.
The hobgoblin hits you but does no damage.
You hit the hobgoblin.
You kill the hobgoblin!
Makhleb accepts your kill.
You hit the hobgoblin.
The hobgoblin is moderately wounded.
The hobgoblin closely misses you.
Robin laughs in a distinctly smug fashion.
Robin roars a battlecry!
The hobgoblin goes into a battle-frenzy!
You barely miss the hobgoblin.
You headbutt the hobgoblin, but do no damage.
The hobgoblin is moderately wounded.
The hobgoblin no longer looks unusually strong.
The hobgoblin misses you.
You hit the hobgoblin.
The hobgoblin is severely wounded.
Your transformation is almost over.
The hobgoblin hits you but does no damage.
You hit the hobgoblin but do no damage.
Your tail-slap misses the hobgoblin.
The hobgoblin is severely wounded.
The hobgoblin hits you with a +0 club.
You closely miss the hobgoblin. Your headbutt misses the hobgoblin.
The hobgoblin is heavily wounded.
The hobgoblin closely misses you.
You punch the hobgoblin!
You kill the hobgoblin!
Makhleb accepts your kill.
You hit the hobgoblin.
Your tail-slap misses the hobgoblin.
The hobgoblin is heavily wounded.
Robin roars a battlecry!
The hobgoblin goes into a battle-frenzy!
The hobgoblin hits you with a +0 club.
You hit the hobgoblin.
The hobgoblin is severely wounded.
You hit the hobgoblin but do no damage.
Your tail-slap misses the hobgoblin.
The hobgoblin is severely wounded.
The hobgoblin hits you with a +0 club.
You hit the hobgoblin but do no damage.
You headbutt the hobgoblin, but do no damage.
The hobgoblin is severely wounded.
The hobgoblin hits you with a +0 club.
* * * LOW HITPOINT WARNING * * *
You hit the hobgoblin but do no damage.
You tail-slap the hobgoblin, but do no damage.
The hobgoblin is severely wounded.
The hobgoblin closely misses you.
You barely miss the hobgoblin.
The hobgoblin is severely wounded.
The hobgoblin hits you with a +0 club!
You die...

#.#..###.#
.....#...##
.##.#.##..#
....#.#...#
.####.#.#.# ..
##...###### ..
####......... ## ..
#.......#.#####..#
...#.##.##(....)@gg.#
#.##....###)###..#
#.##.#..# #.# .#
#.......###.### #
####....###_..+
######..###.###
.........# #.#
.######..###'###.#
#..........#


You could see Robin and a hobgoblin.

Vanquished Creatures
  A dart slug (D:1)
  5 bats (D:1)
  2 giant cockroaches (D:1)
  12 goblins
  7 hobgoblins
  6 jackals (D:2)
  5 kobolds (D:1)
  A ball python (D:1)
  A rat (D:1)
40 creatures vanquished.

Notes
Turn   | Place    | Note
-------+----------+-------------------------------------------
     0 | D:1      | sankara the Draconian Transmuter began the quest for the
                  | Orb.
     0 | D:1      | Reached XP level 1. HP: 16/16 MP: 3/3
   356 | D:1      | Reached XP level 2. HP: 23/23 MP: 3/5
   388 | D:1      | Learned a level 2 spell: Sticks to Snakes
   759 | D:1      | Reached skill level 4 in Unarmed Combat
  1034 | D:2      | Reached XP level 3. HP: 28/28 MP: 4/6
  1223 | D:2      | Found a burning altar of Makhleb.
  1223 | D:2      | Noticed an Executioner
  1227 | D:2      | Noticed a neqoxec
  1227 | D:2      | Noticed an orange demon
  1229 | D:2      | Became a worshipper of Makhleb the Destroyer
  1374 | D:2      | Found a shadowy altar of Dithmenos.
  1396 | D:2      | Noticed Robin
  1428 | D:2      | HP: 7/28 [hobgoblin/+0 club[Robin] (4)]
  1430 | D:2      | Slain by a hobgoblin

Levels and vault maps discovered:
D:1:      minmay_arrival_glassed_features, layout_basic, minmay_tall_x
D:2:      layout_loops_cross, makhleb_altar_promises_db, lemuel_doored_altar,
          first_ration, uniq_robin

Skill      XL: |  1  2 |
---------------+-------+-----
Unarmed Combat | 4 |  4.6
Fighting       | |  1.1
Dodging        | |  1.7
Spellcasting   | |  2.0
Transmutations | |  2.0

Action                   || total
-------------------------++-------
Melee: Unarmed           ||   117
       Kick              ||    12
       Tailslap          ||    10
       Punch             ||     2
       Headbutt          ||     8
 Cast: Beastly Appendage ||    21
  Eat: Chunk             ||     2
Armor: Skin              ||    26
Dodge: Dodged            ||    72

Table legend:
 A = Non-vault XP
 B = Vault XP
 C = Vault XP percentage of total XP
 D = Non-vault monster count
 E = Vault monster count
 F = Vault count percentage of total count
                 A         B        C        D         E       F
            +---------+---------+-------+---------+---------+-------
      Total |      47 |      27 |  36.5 |      25 |      15 |  37.5
            +---------+---------+-------+---------+---------+-------
        D:1 |      31 |       6 |  16.2 |      17 |       4 |  19.0
        D:2 |      16 |      21 |  56.8 |       8 |      11 |  57.9
            +---------+---------+-------+---------+---------+-------

Levels and vault maps discovered:
D:1:      minmay_arrival_glassed_features, layout_basic, minmay_tall_x
D:2:      layout_loops_cross, makhleb_altar_promises_db, lemuel_doored_altar,
          first_ration, uniq_robin

Table legend:
 A = Turns spent in this place as a percentage of turns spent in the entire game.
 B = Non-inter-level travel turns spent in this place as a percentage of non-inter-level travel turns spent in the entire game.
 C = Inter-level travel turns spent in this place as a percentage of turns spent in this place.
 D = Turns resting spent in this place as a percentage of non-inter-level travel turns spent in this place.
 E = Turns spent auto-exploring this place as a percentage of non-inter-level travel turns spent in this place.
 F = Non-inter-level travel turns spent in this place divided by the number of levels of this place that you've seen.
                   A       B       C       D       E      F
               +-------+-------+-------+-------+-------+----------------------
         Total | 100.0 | 100.0 |   4.5 |  20.4 |  59.2 | 682.5
       Dungeon | 100.0 | 100.0 |   4.5 |  20.4 |  59.2 | 682.5
               +-------+-------+-------+-------+-------+----------------------

Table legend:
 A = Kills in this place as a percentage of kills in entire the game.
 B = Kills by you in this place as a percentage of kills by you in the entire game.
 C = Kills by friends in this place as a percentage of kills by friends in the entire game.
 D = Other kills in this place as a percentage of other kills in the entire game.
 E = Experience gained in this place as a percentage of experience gained in the entire game.
 F = Experience gained in this place divided by the number of levels of this place that you have seen.
                   A       B       C       D       E      F
               +-------+-------+-------+-------+-------+----------------------
         Total | 100.0 | 100.0 |   N/A |   N/A | 100.0 |  37.0
       Dungeon | 100.0 | 100.0 |   N/A |   N/A | 100.0 |  37.0
               +-------+-------+-------+-------+-------+----------------------
